[Event "CCT Airthings Masters Play-In 2023"]
[Site "Online"]
[Date "2023.02.03"]
[Round "3"]
[White "TimofeevAr"]
[Black "VincentKeymer"]
[Result "0-1"]
[ECO "B13"]
[WhiteElo "2507"]
[BlackElo "2626"]
[Annotator "TA"]
[PlyCount "104"]
[EventDate "2023.02.03"]
[EventType "swiss"]
[EventCountry "NET"]
[SourceTitle "playchess.com"]
[Source "ChessBase"]
[SourceQuality "1"]
[TimeControl "600+2"]

1. d4 Nf6 2. Nc3 d5 3. Bf4 c5 4. e3 cxd4 5. exd4 Bg4 6. f3 {[%emt 0:00:02] B13: Caro-Kann: Exchange Variation and Panov-Botvinnik Attack.} Bd7 7. Qd2 e6 $5 {[%emt 0:00:13][%mdl 4] Exploring less charted territory.} 8. g4 {[%emt 0:00:15] The position is equal.} Qb6 9. O-O-O Nc6 10. Nge2 Rc8 {[%emt 0:00:25] [#] And now ...Na5 would win.} 11. a3 $146 (11. Na4 $142 Qb4 12. Qxb4 Bxb4 13. Kb1) ({Predecessor:} 11. Kb1 Na5 12. Ka1 Bb4 13. h4 Nc4 14. Qc1 Qa5 15. Nb1 Rc6 16. Ng3 O-O 17. g5 {0-1 Gelman,A (2403)-Lazavik,D (2442) Titled Arena Mar 6th blitz 2021}) 11... Qa5 (11... Be7 $5 ) 12. Kb1 b5 13. Nc1 b4 14. axb4 Bxb4 15. Nb3 Qb6 16. Qd3 Na5 17. Na2 (17. Nxa5 {looks sharper.} Bxa5 18. Na2 Ba4 19. Rc1) 17... Nc4 {[%emt 0:01:31] aiming for ...a5.} 18. Nxb4 Qxb4 19. Bc1 Bb5 20. Nc5 Nd7 21. Qb3 Qa5 22. Nxd7 Kxd7 (22... Ba4 $5 23. Qc3 Qxc3 24. bxc3 Kxd7 $17) 23. Qa2 Qxa2+ (23... Qb6 {with more complications.} 24. b3 Nd6 25. Ba3 Bxf1 26. Bxd6 Kxd6 27. Qa3+ Kc6) 24. Kxa2 h5 25. h4 hxg4 26. fxg4 Nd6 27. Bxb5+ Nxb5 28. c3 Nd6 (28... a5 $5 ) 29. Rdf1 f6 30. g5 Nf5 {[%emt 0:00:29] Threatens to win with ...Ng3.} 31. gxf6 gxf6 ({But not} 31... Rxh4 32. Rxh4 Nxh4 33. Bg5 $16 (33. fxg7 Nf5 $16)) 32. Rxf5 {[%emt 0:00:02] Now White is beyond hope.} exf5 $11 {[%emt 0:00:04][%mdl 4096] Endgame KRR-KRB} 33. h5 Rcg8 34. h6 Rg4 35. Rf1 Ke6 36. b4 Rg3 37. Kb3 Rc8 38. Bd2 Rh3 39. Re1+ Kf7 40. Rf1 {[%emt 0:00:01] [#]} f4 41. Rxf4 Rxh6 {[%emt 0:00:04] Hoping for ...Rch8.} 42. Kc2 $2 (42. Rf1 Rh2 43. Bc1) 42... Rh2 $19 {[%emt 0:00:03] ...Rg8 would be deadly.} 43. Rf1 Rg8 {[%emt 0:00:06] Strongly threatening ...Rgg2.} 44. Kd3 Rg3+ 45. Be3 Rhh3 46. Re1 f5 {[%emt 0:00:01] ( -> ...f4)} 47. Kd2 Rf3 48. Bg5 Rd3+ {[%emt 0:00:03][%mdl 64] [#] Deflection} 49. Ke2 Rxc3 {[%emt 0:00:04] ...Rc2+ is the strong threat.} 50. Ra1 Rc2+ 51. Kd1 Rh1+ 52. Kxc2 Rxa1 {[%emt 0:00:00] Weighted Error Value: White=0.58/Black=0.09 (flawless)} 0-1

[Event "CCT Airthings Masters Play-In 2023"]
[Site "Online"]
[Date "2023.02.03"]
[Round "3"]
[White "Harsha_Bharathakoti"]
[Black "DeviatkinAndrey"]
[Result "1-0"]
[ECO "C41"]
[WhiteElo "2504"]
[BlackElo "2144"]
[Annotator "TA"]
[PlyCount "73"]
[EventDate "2023.02.03"]
[EventType "swiss"]
[EventCountry "NET"]
[SourceTitle "playchess.com"]
[Source "ChessBase"]
[SourceQuality "1"]
[TimeControl "600+2"]

1. d4 d6 2. e4 Nf6 3. Nc3 e5 4. Nf3 Nbd7 5. Bc4 Be7 6. O-O O-O 7. Re1 c6 8. a4 b6 9. d5 Bb7 10. dxc6 Bxc6 11. Bg5 Rc8 12. Bxf6 {[%emt 0:00:08] C41: Philidor Defence.} Nxf6 13. Qd3 {[%emt 0:00:02] [#]} Bd7 $146 ({Predecessor:} 13... Bb7 14. Nd2 Qc7 15. Bb3 Rfd8 16. Nf1 Bf8 17. Ne3 g6 18. a5 Bh6 19. axb6 axb6 {1-0 Nomin Erdene,D (2377)-Laketic,G (2367) Debrecen MGL-HUN Cup 2019 (9)}) 14. Rad1 {[%emt 0:01:45] White is slightly better.} h6 15. Nh4 Kh7 {[%emt 0:01:38] Against Ng6} 16. Nf5 Bxf5 17. exf5 Kh8 {[%emt 0:00:21] Black is weak on the light squares} 18. Nd5 e4 19. Qb3 {[%emt 0:00:27] White is more active.} Rc5 20. Nxf6 (20. c3 $142) 20... Bxf6 $16 21. Bd5 (21. Bxf7 Rxf5 22. Qh3 (22. Rxe4 Bh4 $11) (22. Bg6 Rxf2 23. Bxe4 Be5 $17) 22... Rc5 $11) 21... Be5 22. Bxe4 ({Of course not} 22. Bxf7 $6 Bxh2+ 23. Kxh2 Qh4+ 24. Qh3 Qxh3+ 25. Kxh3 Rxf7 $11) 22... Qf6 23. c3 Re8 24. g3 {[%emt 0:00:02] Hoping for Bd3.} d5 25. Bxd5 {[%emt 0:00:08] [#] Black must now prevent f4.} Rf8 26. Qc2 Rc7 27. Re3 Bd6 28. Rde1 Re7 29. Rxe7 Bxe7 30. Kg2 a5 (30... Rd8 $142) 31. Qe4 $18 Bc5 32. Re2 Qd6 (32... Kg8 $142 33. Bb3 Rd8) 33. h4 Kg8 34. Bb3 Qc7 $2 {[%emt 0:00:03] [#]} (34... Rd8 {is a better chance.} 35. Bc4 Qf6) 35. f6 $1 Qc8 (35... Qd6 36. fxg7) 36. Qg6 $2 (36. Kh2 $18 {is more deadly. White threatens Qg6 and mate.} Qd8 37. fxg7 Kxg7 38. Qg4+ Kh8 39. Qf5) 36... Qb7+ $2 (36... Qc6+ $16 37. Kh3 Qxf6 38. Qxf6 gxf6) 37. Kg1 {[%emt 0:00:02] Weighted Error Value: White=0.37/Black=0.55} 1-0

[Event "CCT Airthings Masters Play-In 2023"]
[Site "Online"]
[Date "2023.02.03"]
[Round "3"]
[White "Vladimir_"]
[Black "Ginger_GM"]
[Result "0-1"]
[ECO "B53"]
[WhiteElo "2494"]
[BlackElo "2101"]
[Annotator "TA"]
[PlyCount "148"]
[EventDate "2023.02.03"]
[EventType "swiss"]
[EventCountry "NET"]
[SourceTitle "playchess.com"]
[Source "ChessBase"]
[SourceQuality "1"]
[TimeControl "600+2"]

1. e4 c5 2. Nf3 d6 3. Bb5+ Nc6 4. d4 cxd4 5. Qxd4 Bg4 6. Qd3 {[%emt 0:00:11] B53: Sicilian: 2...d6: Lines with Qxd4.} Nf6 7. O-O {[%emt 0:00:07] [#]} g6 $146 ({Predecessor:} 7... Nd7 8. Nc3 Rc8 9. Nd4 Nde5 10. Qg3 Bd7 11. Nxc6 Bxc6 12. Bf4 Bxb5 13. Nxb5 a6 14. Bxe5 dxe5 {½-½ Nitin,S (2404)-Gundavaa,B (2492) Asian Continental op 14th 2015 (7)}) 8. e5 {[%emt 0:01:11] White is slightly better.} dxe5 {[%emt 0:00:06] ...Qxd3 is the strong threat.} 9. Qxd8+ Rxd8 10. Nxe5 Bd7 11. Nxd7 Rxd7 12. Nd2 Bg7 13. Nc4 O-O 14. Bxc6 bxc6 15. Be3 Nd5 16. Rae1 Nxe3 17. Rxe3 e6 18. Ra3 Rb8 19. b3 Bc3 20. Ra6 Rc8 21. g3 e5 22. Kg2 f5 23. Kf3 h5 24. Ke2 Kf7 $2 (24... Rcc7 $11 {and Black is okay.}) 25. Rd1 $18 Rxd1 26. Kxd1 {[%emt 0:00:02][%mdl 4096] Endgame KRB-KRN} (26. Rxa7+ $18 Ke6 27. Kxd1) 26... Rc7 $1 $11 27. Ke2 Ke6 28. Kd3 Bd4 (28... Be1 $11) 29. f4 $16 Kd5 (29... h4 $16) 30. fxe5 $2 (30. Ra5+ $1 $18 Ke6 31. Nxe5 (31. fxe5 Bg1 $11) 31... Bxe5 32. Rxe5+ Kd6 33. Kc4) 30... Bg1 $1 $14 (30... Bxe5 $2 31. Ra5+ Ke6 32. Nxe5 $18) 31. h3 Bf2 (31... g5 $1 $11 {keeps the balance.}) 32. Ne3+ (32. Ra5+ $6 Ke6 $11) (32. Na5 $1 $16) 32... Kxe5 $11 33. Ra5+ Kf6 34. Nf1 Rd7+ 35. Ke2 $1 Bb6 36. Ra4 Rd4 ({Better is} 36... Rd5 $15) 37. Rxd4 Bxd4 {[%emt 0:00:01] KB-KN} 38. Nd2 (38. h4 $1 $11) 38... g5 $15 39. Nc4 Ke6 40. a4 (40. Na5 $15) 40... g4 (40... Be5 $142 $1 41. g4 fxg4 42. hxg4 h4) 41. hxg4 $17 fxg4 (41... hxg4 $17 42. Na5 Kd5) 42. Ne3 Be5 43. Kf2 (43. Nf1 $1 $15) 43... Bc3 44. Ng2 $2 (44. Nc4 $17) 44... Kf5 45. Nf4 Bd4+ 46. Kf1 {[%emt 0:00:02] [#]} h4 47. Ne2 $11 Bf6 {[%emt 0:00:08] Hoping for ...h3.} 48. gxh4 Bxh4 {[%emt 0:00:01] Strongly threatening ...Ke4.} 49. Nd4+ Ke4 50. Nxc6 Ke3 $2 (50... Kf3 $11) 51. Nxa7 $18 {[%emt 0:00:13] Nc6 would be deadly.} Kf3 52. Nc6 $2 (52. Nb5 $1 $18 Bf6 53. c3 (53. a5 g3 $11)) 52... Bf6 $1 $11 53. a5 $2 (53. c3 $11 Bxc3 54. Ne7 (54. a5 {leads to mate.} g3)) 53... g3 $1 54. a6 g2+ $1 55. Kg1 Bg5 $4 (55... Kg3 $1 56. Ne5 Bxe5 57. c3 Bxc3 58. a7 Bd4#) 56. Nd4+ Kg3 57. Nf5+ $4 {[%emt 0:00:03][%mdl 8192] [#]} (57. Ne2+ $18 Kf3 58. Kh2) 57... Kh3 $1 58. a7 {[%emt 0:00:23] [#]} Bd8 $1 59. a8=N Bf6 60. Kf2 Be5 (60... Kh2 $142 61. Kf3 g1=Q 62. Ne3 Bd4 63. Nf5 Qg2+ {[%mdl 64] Skewer, Double Attack} 64. Kf4 Bf6 65. c4 Qg5+ 66. Ke4 Qg4+ {[%mdl 64] Deflection} 67. Kd5 Qxf5+ 68. Kc6 Qe4+ 69. Kc7 Qxa8 70. Kd6 Bd4 71. b4 Qa4 72. Kc7 Qxb4 73. Kc6 Qxc4+ 74. Kd6 Qc5+ 75. Kd7 Qd5+ 76. Ke7 Bc3 77. Ke8 Qe6+ 78. Kf8 Qd7 79. Kg8 Qg7#) 61. Ne3 Bd4 62. Nc7 Bxe3+ {[%emt 0:00:00][%mdl 64] Deflection} 63. Kxe3 g1=Q+ (63... g1=B+ $2 64. Ke4 $18) 64. Kd3 Qc5 65. Ne6 Qd5+ 66. Nd4 Kg4 67. c4 Qb7 68. c5 Kf4 69. c6 Qb6 70. c7 Qa6+ ({Much less strong is} 70... Qxc7 71. Ne6+ Ke5 72. Nxc7 Kd6 73. Na6 Ke7 74. b4 Kd6 75. Kc4) 71. Kc3 Ke5 {[%emt 0:00:01] ( -> ...Qa5+)} 72. b4 {[%emt 0:00:03] Against Qa5} Kd6 73. Nb5+ Kd7 ({Worse is} 73... Qxb5 74. c8=Q $11) 74. Kc4 Qc6+ {[%emt 0:00:03] Black used his chance.   Weighted Error Value: White=0.50/Black=0.39} 0-1

[Event "CCT Airthings Masters Play-In 2023"]
[Site "Online"]
[Date "2023.02.03"]
[Round "3"]
[White "starworld123"]
[Black "PSvidler"]
[Result "0-1"]
[ECO "E61"]
[WhiteElo "2467"]
[BlackElo "2741"]
[Annotator "NA"]
[PlyCount "56"]
[EventDate "2023.02.03"]
[EventType "swiss"]
[EventCountry "NET"]
[SourceTitle "playchess.com"]
[Source "ChessBase"]
[SourceQuality "1"]
[TimeControl "600+2"]

1. d4 Nf6 2. c4 g6 3. g3 Bg7 4. Bg2 O-O 5. Nc3 Nc6 6. d5 Ne5 7. b3 d6 8. Bb2 c6 9. dxc6 bxc6 10. Nf3 Nxf3+ 11. Bxf3 Bh3 12. Bxc6 Rc8 13. Bf3 e6 14. Qd2 d5 15. cxd5 Nxd5 16. Nxd5 Bxb2 17. Qxb2 exd5 18. Rd1 Re8 19. Bxd5 Qa5+ 20. b4 Qb6 21. Qb3 Qf6 22. Bc4 a5 23. bxa5 Qe5 24. Qb4 Rxc4 25. Qxc4 Qxa5+ 26. Rd2 Rc8 27. Qxc8+ Bxc8 28. Kd1 Bd7 0-1

[Event "CCT Airthings Masters Play-In 2023"]
[Site "Online"]
[Date "2023.02.03"]
[Round "3"]
[White "MikaelyanArman"]
[Black "Baku_Boulevard"]
[Result "0-1"]
[ECO "B07"]
[WhiteElo "2435"]
[BlackElo "2666"]
[Annotator "TA"]
[PlyCount "72"]
[EventDate "2023.02.03"]
[EventType "swiss"]
[EventCountry "NET"]
[SourceTitle "playchess.com"]
[Source "ChessBase"]
[SourceQuality "1"]
[TimeControl "600+2"]

1. d4 d6 2. e4 Nf6 3. Nc3 e5 4. Nf3 exd4 5. Nxd4 g6 6. g3 Bg7 7. Bg2 O-O 8. O-O Re8 $1 {[%emt 0:00:00] 8...Re8 is better than 8...Nc6. B07: Pirc Defence: Miscellaneous Systems.} 9. Re1 a6 $5 {[%emt 0:00:02][%mdl 4] Leaves trodden paths.} 10. h3 Nbd7 {[%emt 0:00:02] The position is equal.} 11. g4 {[%emt 0:00:19] [#]} Rb8 $146 ({Predecessor:} 11... d5 12. Nde2 Nxe4 13. Nxd5 c6 14. Ndc3 Nxc3 15. Nxc3 Rxe1+ 16. Qxe1 Nf6 17. Bg5 h6 18. Rd1 Qf8 19. Bf4 Be6 20. Bd6 Qe8 21. Be5 {½-½ Munoz Pantoja,M (2503)-Moskalenko,V (2509) Catalunya-chT GpA final 2018 (1.2)}) 12. Bf4 Ne5 (12... h5 $5 ) 13. Bg3 c5 (13... h5 $5 ) 14. Nb3 (14. Nf3 $14) 14... h5 15. f4 (15. Bxe5 $11 Rxe5 16. f4) 15... Nc4 $2 (15... hxg4 $1 $17 {[%cal Of6h5] and life is bright. White must now prevent ...Nh5!} 16. Bh4 (16. fxe5 Nh5 $17) 16... Nc6) 16. e5 $16 Nxg4 17. hxg4 Bxg4 18. Bf3 (18. Qd5 $16 Be6 19. Qf3) 18... Bxf3 (18... h4 $11 {keeps the balance.} 19. Bf2 (19. Bxg4 hxg3 20. Qf3 Qh4 $11) 19... Nxb2) 19. Qxf3 {[%emt 0:00:00] Rad1 would be deadly.} dxe5 20. Rad1 Qc8 21. fxe5 (21. Rf1 {keeps more tension.} Nxb2 22. Rd5 Qh3 23. fxe5 h4 24. Bh2) 21... Nxe5 22. Qg2 Qf5 (22... Qg4 $11 23. Rf1 (23. Nxc5 $2 {perishes.} Nf3+ {[%mdl 64] Discovered Attack, Double Attack} 24. Kh1 Nxe1 $19) 23... Rbd8) 23. Rf1 (23. Nxc5 $2 {is the wrong capture.} Nf3+ 24. Kh1 Nxe1 25. Rxe1 Rxe1+ 26. Bxe1 Qxc5 $19) 23... Qc8 24. Nd5 {[%emt 0:00:06] Hoping for Nd2.} c4 (24... Qc6 $16 25. c4 (25. Qf2 b6 $16) 25... Re6) 25. Nd4 (25. Nd2 $1 $18 {[%cal Rd2e4] Ne4 is the strong threat.} Qc6 26. Nf3) 25... Qc5 $2 (25... c3 $16) 26. Kh1 $18 Rbd8 {[%emt 0:00:05] [#]} 27. Nf5 $1 {[%emt 0:00:05][%mdl 512] A dynamic duo of knights.} Ng4 (27... gxf5 28. Bxe5 Qf8 29. Rg1 Rxd5 30. Bxg7 Re4 31. Bxf8+ Kxf8 32. Qg7+ Ke7 33. Qg5+ f6 34. Qg7+ Kd6 35. Qxf6+ Kc7 36. Rxd5) 28. Nxg7 Kxg7 29. Bh4 (29. Qf3 $18 {is the precise move to win.} Qf8 30. Bh4) 29... Rd6 $16 30. Qf3 f5 {[%emt 0:00:09] [#]} 31. Qc3+ $2 {[%emt 0:00:35] [#]} (31. Bg3 $1 $16 {[%cal Od5c7] Threatens to win with Nc7!} Rd7 32. Nf4 Rxd1 33. Rxd1) 31... Kf7 {[%emt 0:00:04] Chess con chili.} (31... Kh6 $1 $17 32. Qf3 Re5) 32. Qf3 $11 Qc6 $40 {[%emt 0:00:09][%mdl 128] Black mounts an attack.} 33. Bg3 {[%emt 0:00:03] Dodges Re5} Rd7 {[%emt 0:00:11] Strongly threatening ...Red8.} 34. Rd4 $2 (34. b3 $11) 34... Nf6 $2 ({Black should play} 34... Ne3 $19 35. Nxe3 Qxf3+ 36. Rxf3 Rxd4) 35. Rfd1 $2 (35. Nxf6 $11 Qxf3+ 36. Rxf3 Rxd4 37. Nxe8 Kxe8 38. Rf2) 35... Red8 36. Bh4 Rxd5 {[%emt 0:00:02] Never resign too early! An entertaining game by Baku_Boulevard.   Weighted Error Value: White=0.58/Black=0.52} 0-1

[Event "CCT Airthings Masters Play-In 2023"]
[Site "Online"]
[Date "2023.02.03"]
[Round "3"]
[White "penguingm1"]
[Black "Bigfish"]
[Result "0-1"]
[ECO "E35"]
[WhiteElo "2430"]
[BlackElo "2658"]
[Annotator "TA"]
[PlyCount "48"]
[EventDate "2023.02.03"]
[EventType "swiss"]
[EventCountry "NET"]
[SourceTitle "playchess.com"]
[Source "ChessBase"]
[SourceQuality "1"]
[TimeControl "600+2"]

1. d4 Nf6 2. c4 e6 3. Nc3 Bb4 4. Qc2 d5 5. cxd5 exd5 6. Bg5 h6 7. Bh4 {[%emt 0:00:01] The main line 7.Bh4 scores better than 7.Bxf6.} Qe7 $5 {[%emt 0:00:03][%mdl 4] An interesting side line. E35: Nimzo-Indian: Classical: 4...d5 5 cxd5 exd5.} 8. e3 g5 9. Bg3 h5 {[%emt 0:00:03] White is slightly better.} 10. h3 ({White should play} 10. Be5 $14) 10... Ne4 $11 11. Bh2 Nc6 {[%emt 0:00:24][%cal Oc6d4] Strongly threatening ...Nxd4!} 12. Bb5 Bf5 {[%emt 0:00:05] [#] Hoping for ...Kf8.} 13. Qb3 $146 ({Predecessor:} 13. Qc1 Rh6 14. Nge2 O-O-O 15. O-O g4 16. h4 Qxh4 17. Bf4 Rg6 18. Ng3 Nxg3 19. fxg3 {1-0 Mamedyarov,S (2747)-Carlsen,M (2856) Aimchess Rapid Prelim 2022 (1)}) 13... O-O-O {[%emt 0:00:55][%cal Oc6d4] White must now prevent ...Nxd4!} 14. Nge2 ({White should try} 14. Bxc6 $14 bxc6 15. Nf3) 14... Rh6 15. a3 (15. Bd3 $11 {remains equal.}) 15... Bxc3+ $17 16. bxc3 Re6 (16... Rf6 $17 {[%cal Oe4f2] ...Nxf2! would be deadly.} 17. Rf1 Bg6) 17. Ra2 (17. c4 $11 {keeps the balance.} dxc4 18. Bxc4) 17... a6 18. Bxc6 Rxc6 19. Rb2 {[%emt 0:00:06] White is weak on the light squares} b6 {[%emt 0:00:37] Active counter play!} (19... Rb6 20. Qa2 $17) 20. O-O g4 21. hxg4 {[%emt 0:00:00] This costs White the game.} (21. Qb4 $17 Qxb4 22. cxb4) 21... hxg4 $19 {[%emt 0:00:05] And now ...Rh6 would win. Black is clearly winning.} 22. Bf4 {[%emt 0:00:01] Repels Rh6} (22. Ng3 $142 Qe6 23. Rc1) 22... Qh4 {[%emt 0:00:13] ( -> ...Rh8)} 23. Ng3 {[%emt 0:00:19] [#]} Rh8 $1 24. Re1 {[%emt 0:00:02] [#]} (24. Rc1 Qh2+) 24... Nxc3 $1 {[%emt 0:00:17] Weighted Error Value: White=0.96/Black=0.13 (very precise)} 0-1

[Event "CCT Airthings Masters Play-In 2023"]
[Site "Online"]
[Date "2023.02.03"]
[Round "3"]
[White "sergoy"]
[Black "vladislavkovalev"]
[Result "0-1"]
[ECO "E49"]
[WhiteElo "2429"]
[BlackElo "2606"]
[Annotator "TA"]
[PlyCount "118"]
[EventDate "2023.02.03"]
[EventType "swiss"]
[EventCountry "NET"]
[SourceTitle "playchess.com"]
[Source "ChessBase"]
[SourceQuality "1"]
[TimeControl "600+2"]

1. d4 Nf6 2. c4 e6 3. Nc3 Bb4 4. e3 O-O 5. Bd3 d5 6. a3 Bxc3+ 7. bxc3 b6 8. cxd5 {[%emt 0:00:07] E49: Nimzo-Indian: Rubinstein: 5 Bd3 d5 6 a3 Bxc3+ 7 bxc3.} Qxd5 9. f3 Ba6 10. Ne2 {[%emt 0:00:09] The position is equal.} c5 11. e4 Qb7 12. Bg5 {[%emt 0:00:13] [#]} Nbd7 $146 ({Predecessor:} 12... Nfd7 13. O-O Bxd3 14. Qxd3 Qa6 15. Qxa6 Nxa6 16. d5 exd5 17. Rfd1 Nc7 18. Bf4 Ne6 {½-½ Zeng,C (2597)-Peng,H (2375) CHN-chT Div-A 2022 (9.2)}) 13. O-O cxd4 14. cxd4 ({But not} 14. Nxd4 Rac8 $15) 14... Rfc8 15. Qb3 Rc7 16. Rfc1 {[%emt 0:00:31] Hoping for Rxc7.} Rac8 17. Rxc7 Rxc7 18. a4 $1 h6 19. Bf4 Rc8 20. Bb5 Nf8 21. Be5 Ng6 22. Bxf6 {[%emt 0:00:08] aiming for Be5.} gxf6 23. Qd3 Bxb5 24. axb5 Qd7 25. Qb3 $2 {[%emt 0:01:14][%mdl 8192] [#]} (25. Rd1 $14 {keeps the upper hand.}) 25... Nf4 $1 $19 {[%emt 0:00:25][%mdl 576] Deflection} 26. Re1 (26. Ra2 Nxe2+) 26... Nxe2+ 27. Rxe2 Qxd4+ {[%emt 0:00:01][%mdl 4096] Endgame KQR-KQR} 28. Kf1 $2 (28. Qe3 Qe5 29. Re1) 28... Rc1+ 29. Re1 Rxe1+ 30. Kxe1 {[%emt 0:00:00] KQ-KQ} Qg1+ 31. Ke2 Qxg2+ 32. Ke3 Qg1+ 33. Ke2 Qxh2+ 34. Ke3 Qg1+ 35. Ke2 h5 {[%emt 0:00:12][%cal Bh6h5,Bh5h4][%mdl 32] ...h4 would be deadly.} 36. Qa4 h4 37. e5 Qh2+ (37... Qg2+ $142 38. Ke3 h3 39. Qxa7 h2 40. Qa8+ Kh7 41. Qb7 Kg7 42. Qe4 h1=Q 43. exf6+ Kh6 44. Qf4+ Qg5 45. Qxg5+ Kxg5 46. f4+ Kf5 47. Kd2 Qb1 48. Ke2 Kxf4 49. Kd2 Qb2+ 50. Kd3 e5 51. Kc4 Qa3 52. Kd5 Qc5#) 38. Kf1 Qxe5 39. Qxh4 Qxb5+ 40. Kf2 Qc5+ 41. Kf1 Qc1+ 42. Kf2 Qd2+ 43. Kf1 Qc1+ 44. Kf2 Qg5 45. Qe4 Kg7 46. Qb7 Qc5+ 47. Kf1 a5 48. Qe4 Qf5 {[%emt 0:00:14] ( -> ...Qxe4)} 49. Qe3 b5 {[%emt 0:00:03] Black mates.} 50. Qg1+ Qg5 51. Qb6 a4 52. Qd4 a3 53. f4 Qd5 54. Qg1+ Kf8 55. Qa7 a2 56. Qa3+ {[%emt 0:00:02] [#]} b4 $1 57. Qxb4+ Kg7 58. Qe1 Qb5+ 59. Kg2 Qb2+ {[%emt 0:00:02] Weighted Error Value: White=0.78/Black=0.27 (precise)} 0-1

[Event "CCT Airthings Masters Play-In 2023"]
[Site "Online"]
[Date "2023.02.03"]
[Round "3"]
[White "GasconJR"]
[Black "jcibarra"]
[Result "0-1"]
[ECO "B30"]
[WhiteElo "2405"]
[BlackElo "2584"]
[Annotator "TA"]
[PlyCount "70"]
[EventDate "2023.02.03"]
[EventType "swiss"]
[EventCountry "NET"]
[SourceTitle "playchess.com"]
[Source "ChessBase"]
[SourceQuality "1"]
[TimeControl "600+2"]

1. e4 c5 2. Nf3 Nc6 3. Bb5 e6 4. b3 Nd4 5. Bd3 Ne7 6. Nxd4 {[%emt 0:00:36] B30: Sicilian: 2...Nc6 3 Bb5, lines without ...g6.} cxd4 7. c3 {[%emt 0:00:10] [#]} Nc6 $146 ({Predecessor:} 7... g6 8. cxd4 Bg7 9. Bb2 Nc6 10. e5 d6 11. Bb5 Bd7 12. Qe2 O-O 13. O-O dxe5 14. dxe5 {0-1 Petrov,M (2487)-Wells,P (2448) South Wales op 12th 2015 (10)}) 8. Bb2 {[%emt 0:00:10] The position is equal.} Bc5 9. O-O O-O 10. b4 Bb6 11. Na3 d5 12. Qe2 dxc3 13. dxc3 Qh4 14. Nb5 Rd8 15. a4 {[%emt 0:00:11] [#] Hoping for a5.} a5 $1 16. bxa5 Rxa5 17. c4 d4 18. e5 Bc5 19. f4 Nb4 20. Rf3 Nxd3 21. Qxd3 {[%emt 0:00:00] [#] aiming for Rh3.} Qg4 22. Kh1 Bd7 (22... b6 $5 ) 23. h3 (23. Qd2 $11 b6 24. Rg3) 23... Qg6 (23... Qh4 $17) 24. Qxg6 $1 $11 hxg6 25. Rd3 Bc6 26. Nxd4 Rxa4 27. Rxa4 Bxa4 {[%emt 0:00:03] This pair of bishops is nice.} 28. Rd2 Bc6 ({Black should play} 28... Bb4 $17 29. Rd3 Be7) 29. Nf3 {[%emt 0:00:07] This costs White the game.} (29. Bc3 $15) 29... Rxd2 $19 30. Nxd2 {[%emt 0:00:02][%mdl 4096] Endgame KBB-KBN} Be3 31. Nb3 Bxf4 32. Kg1 Bg3 33. Bc3 Kh7 {[%emt 0:00:08] Black is more active.} 34. Bb2 g5 35. Na5 (35. Nd4 $142) 35... Be4 {[%emt 0:00:06] Weighted Error Value: White=0.27 (precise) /Black=0.12 (very precise)} 0-1